 Dungeon Crawl Stone Soup version 0.28-a0-845-gfc338a8e3c (webtiles) character file.

Game seed: 16129883930950621892

235 siradein the Poker (level 6, -5/47 HPs)
             Began as a Merfolk Gladiator on Nov 13, 2021.
             Slain by Edmund (12 damage)
             ... on level 3 of the Dungeon.
             The game lasted 00:05:46 (3556 turns).

siradein the Poker (Merfolk Gladiator)              Turns: 3556, Time: 00:05:47

Health: -5/47      AC:  4    Str: 16    XL:     6   Next: 6%
Magic:  6/6        EV: 14    Int:  7    God:
Gold:   148        SH:  0    Dex: 16    Spells: 5/5 levels left

rFire   . . .      SeeInvis .   a - +0 trident
rCold   . . .      Faith    .   (no shield)
rNeg    . . .      Spirit   .   b - +0 leather armour
rPois   .          Reflect  .   c - +0 helmet
rElec   .          Harm     .   (no cloak)
rCorr   .          Rampage  .   (no gloves)
Will    .....                   (no boots)
Stlth   +.........              (no amulet)
HPRegen 0.15/turn               (no ring)
MPRegen 0.10/turn               (no ring)

@: no status effects
A: (nimble swimmer 2), mertail
a: no special abilities


You were on level 3 of the Dungeon.
You visited 1 branch of the dungeon, and saw 4 of its levels.

You collected 148 gold pieces.

Inventory:

Hand Weapons
 a - a +0 trident (weapon)
Missiles
 d - 3 throwing nets
 i - 166 stones
 p - 34 poisoned darts (quivered)
Armour
 b - a +0 leather armour (worn)
 c - a +0 helmet (worn)
Jewellery
 s - a ring of flight
Scrolls
 e - 2 scrolls of silence {unknown}
 g - a scroll of identify {unknown}
 h - 2 scrolls of immolation
 j - 2 scrolls of acquirement {unknown}
 k - a scroll of blinking {unknown}
 n - a scroll of fog {unknown}
 o - a scroll of teleportation {unknown}
 q - a scroll of enchant weapon {unknown}
 r - a scroll of amnesia {unknown}
 t - a scroll of noise {unknown}
Potions
 f - 4 potions of curing {unknown}
 l - a potion of magic {unknown}
 m - a potion of haste {unknown}


   Skills:
 + Level 3.5 Fighting
 + Level 5.8 Polearms
 + Level 3.1 Throwing
 + Level 1.6 Armour
 + Level 5.3 Dodging


You had 5 spell levels left.
You didn't know any spells.
Your spell library was empty.

Dungeon Overview and Level Annotations

Branches:
Dungeon (4/15)
 Temple: D:4-7

Altars:
Yredelemnul

Annotations:
D:3 Edmund


Innate Abilities, Weirdness & Mutations

((You are quick and stealthy near water. (Stealth+, EV+, Speed+++)))
Your lower body shifts to a powerful aquatic tail in water.


Message History

Aim: Edmund, wielding a +3 flail of protection and wearing a +0 scale mail (moderately wounded, poisoned, 65% to hit)
You throw a poisoned dart. The poisoned dart hits Edmund.
Edmund looks even sicker.
Edmund is moderately wounded.
Edmund says, "I'm quite good with sums, too."
An orc wizard comes into view. It is wielding a +0 dagger.
Throw: 36 darts (poison)
Press: ? - help, Q - select action, (/) - cycle Shift-Dir - straight line, f/p - Edmund
Aim: Edmund, wielding a +3 flail of protection and wearing a +0 scale mail (severely wounded, poisoned, 65% to hit)
You throw a poisoned dart. The poisoned dart hits Edmund.
Edmund looks even sicker.
Edmund is severely wounded.
The orc wizard shouts!
Edmund hits you with a +3 flail of protection!
Edmund hits you with a +3 flail of protection!
Edmund says, "People will remember me!
They'll remember me and die!"
The orc wizard shouts!
The orc wizard points at you and mumbles some strange words.
The magic dart hits you!
There is a stone staircase leading up here.
You see here a poisoned dart.
The orc wizard mumbles some strange words.
The orc wizard flickers and vanishes!
Deactivating autopickup; reactivate with Ctrl-A.
Edmund hits you with a +3 flail of protection!
* * * LOW HITPOINT WARNING * * *
You climb upwards.
Reactivating autopickup.
There is a stone staircase leading down here.
Edmund looks more healthy.
Edmund says, "A flail is better than a scythe, any day of the week!"
Edmund hits you with a +3 flail of protection.
* * * LOW HITPOINT WARNING * * *
Throw: 35 darts (poison)
Press: ? - help, Q - select action, (/) - cycle Shift-Dir - straight line, f - Edmund
Aim: Edmund, wielding a +3 flail of protection and wearing a +0 scale mail (almost dead, 65% to hit)
You throw a poisoned dart.
The poisoned dart closely misses Edmund.
Edmund hits you with a +3 flail of protection!
You die...

#############.##. ###########
#...........÷.##. #.........#
#............÷##. ##.#######.####
#.............##.
..............###.....#######.##.
##########.##..######## #.##.
#.###.########## #.##.
##########.###..##......#####.##.
................@@.....>......##.
###############..#.#..#.########.
...........................#####.
#.##############.######........#.
#...######.....................#.
###.....##.#####..#####........#.
..#.....##.# ###.# #........#.
#.###...##.## #...# #........#.
#...#.<.'...# #...## #........#.


You could see Edmund.

Vanquished Creatures
  2 scorpions (D:4)
  A hound (D:4)
  An adder (D:3)
  2 worms
  2 orcs (D:3)
  7 ball pythons
  7 endoplasms
  2 giant cockroaches
  5 goblins
  9 hobgoblins
  3 jackals (D:2)
  5 quokkas
  8 bats
  4 frilled lizards
  5 kobolds
  7 rats
70 creatures vanquished.

Notes
Turn   | Place    | Note
-------+----------+-------------------------------------------
     0 | D:1      | siradein the Merfolk Gladiator began the quest for the Orb.
     0 | D:1      | Reached XP level 1. HP: 16/16 MP: 1/1
   182 | D:1      | Found a faded altar of an unknown god.
   223 | D:1      | Reached XP level 2. HP: 21/23 MP: 2/2
   804 | D:2      | Noticed a scorpion
   844 | D:2      | Reached XP level 3. HP: 5/28 MP: 3/3
  1876 | D:2      | Reached skill level 5 in Polearms
  2055 | D:2      | Found a basalt altar of Yredelemnul.
  2197 | D:3      | Reached XP level 4. HP: 34/34 MP: 4/4
  2442 | D:3      | Reached skill level 1 in Armour
  3176 | D:4      | Noticed a scorpion
  3186 | D:4      | Killed a scorpion
  3187 | D:4      | Reached skill level 5 in Dodging
  3187 | D:4      | Reached XP level 5. HP: 41/41 MP: 5/5
  3250 | D:4      | Reached XP level 6. HP: 15/47 MP: 6/6
  3476 | D:4      | Noticed Edmund
  3556 | D:3      | Slain by Edmund

Illustrated notes

Levels and vault maps discovered:
D:1:      dpeg_arrival_oval, layout_rooms, hellmonk_ecumenical_altar_blasted
D:2:      layout_basic, basic_altar, minmay_misc_feat_doors,
          kennysheep_decorative_pillar
D:3:      layout_basic, minmay_misc_feat_square, serial_park_tiny_1,
          grunt_ministairs_1, minmay_quantized
D:4:      layout_loops_cross, mainiacjoe_overflow_alcove_2,
          yredelemnul_forgotten_temple_becter,
          chequers_temple_overflow_statue_of_worship,
          minmay_temple_entry_proselytizer, minmay_misc_feat_chi, uniq_edmund,
          uniq_grinder

Skill      XL: |  1  2  3  4  5 |
---------------+----------------+-----
Polearms       | 5 |  5.8
Armour         | 1 |  1.6
Fighting       | 3 |  3.5
Dodging        | 5 |  5.3
Throwing       | 3 |  3.1

Action                   |  1- 3 |  4- 6 || total
-------------------------+-------+-------++-------
Melee: Trident           |   162 |    63 ||   225
Throw: Stone             |     1 |     4 ||     5
       Dart              |       |     9 ||     9
 Stab: Sleeping          |     5 |       ||     5
Armor: Leather armour    |    37 |    13 ||    50
Dodge: Dodged            |    98 |    41 ||   139

Table legend: (Time is in decaauts)
 A = Elapsed time spent in this place.
 B = Non-inter-level travel time spent in this place.
 C = Inter-level travel time spent in this place.
 D = Time resting spent in this place.
 E = Time spent auto-exploring this place.
 F = Levels seen in this place.
 G = Mean time per level.
                   A        B        C        D        E       F      G
               +--------+--------+--------+--------+--------+-----+--------+
         Total |   3568 |   3460 |    108 |    451 |   2361 |   4 |  892.0 |
       Dungeon |   3568 |   3460 |    108 |    451 |   2361 |   4 |  892.0 |
               +--------+--------+--------+--------+--------+-----+--------+

Top non-repeatable levels by time:
     D:2: 1336 daAuts
     D:3: 1186 daAuts
     D:1: 828 daAuts
     D:4: 217 daAuts
